AoeStats
← MisMi.GarreroJaguar

Arabia

510372443Analyzed
1v1 RM · 2d ago on Sep 30, 2026· 51m 21s· 2 players
Game mode
Random Map
Map size
Tiny (2 player)
Population
200
Speed
Normal
Resources
Standard
Victory
Conquest
Starting age
Dark Age
Ending age
Imperial Age
RankedLock teamsTeams togetherTeam positionsShared explorationLock speedFull tech treeHidden civsTurbo modeCheats
Victory
Defeat
🇦🇷 Magyars · Argentina
1048
+16
🇲🇽 Dravidians · Mexico
1039
-16
MisMi.GarreroJaguar
2:31 Loom
7:19 Loom
9:59 Feudal Age
21:55 Castle Age
20:35 Padded Archer Armor
20:58 Double-Bit Axe
22:00 Fletching
24:01 Bodkin Arrow
24:40 Thumb Ring
29:18 Ballistics
29:15 Leather Archer Armor
28:42 Pikeman
28:50 Man-at-Arms
29:16 Gambesons
29:32 Long Swordsman
30:57 Squires
31:00 Scale Mail Armor
32:48 Horse Collar
34:04 Chain Mail Armor
34:42 Forging
Danger
9:48 Feudal Age
9:47 Loom
22:06 Castle Age
20:44 Double-Bit Axe
21:00 Fletching
22:39 Bloodlines
22:24 Elite Skirmisher
24:05 Bodkin Arrow
25:53 Padded Archer Armor
28:27 Leather Archer Armor
41:08 Imperial Age
39:14 Wheelbarrow
38:25 Town Watch
39:14 Husbandry
40:15 Bow Saw
40:46 Ballistics
41:49 Recurve Bow
43:04 Parthian Tactics
43:58 Bracer
44:41 Hand Cart
46:22 Heavy Cavalry Archer
48:57 Chemistry
48:39 Gold Mining
49:27 Ring Archer Armor
49:15 Spies/Treason
52:07 Conscription
Connection lost

Rejoining the realm…

Still unreachable

The connection could not be restored.

Session expired

The server has moved on; the page needs a fresh start.